Map: 新奇之地-天梯版

Players

电脑难度(新手) - Winner!

  • Race: Terran Terran

柳丁

  • Race: Zerg Zerg
  • League: Master

VOD

Have the link to the VOD?

Description

Time

  • Played on: Oct. 30, 2021, 12:59 a.m.
  • Length: 10:30
Show
View Real Time Build Order
Export as new Build Order

电脑难度(新手) Terran - Winner!

Build Orders:  

Get SALT Encoding   

  12  0:00  SCV  
  13  0:13  SCV  
  14  0:18  Supply Depot  
  14  0:37  Refinery  
  14  0:42  Barracks  
  14  1:03  Supply Depot  
  14  1:12  Refinery  
  14  1:29  Marine  
  14  1:30  Orbital Command  
  15  1:50  Barracks Tech Lab  
  15  1:56  SCV  
  16  2:08  SCV  
  17  2:13  Marine  
  18  2:20  SCV  
  19  2:32  SCV  
  20  2:44  SCV  
  21  2:56  SCV  
  21  2:58  Marauder  
  24  4:12  SCV  
  24  6:15  SCV  
  24  6:37  SCV  
  24  6:38  Marine  
  26  6:40  Supply Depot  
  26  6:42  Factory  
  26  6:45  Command Center  
  25  6:49  SCV  
  26  7:01  SCV  
  27  7:04  Supply Depot  
  25  7:11  Marine  
  25  7:13  SCV  
  25  7:25  SCV  
  25  7:27  Starport  
  26  7:37  SCV  
  27  7:45  Marine  
  28  7:57  SCV  
  29  8:05  SCV  
  29  8:09  Refinery  
  29  8:11  Refinery  
  29  8:12  SCV  
  30  8:19  SCV, Marine  
  32  8:21  Starport Tech Lab  
  32  8:26  SCV  
  33  8:33  SCV  
  34  8:41  Raven, SCV  
  35  8:48  SCV  
  38  8:53  Marine  
  38  8:55  SCV  
  40  9:02  SCV  
  41  9:09  SCV  
  42  9:17  SCV  
  43  9:24  Raven, SCV  
  44  9:27  Marauder  
  48  9:31  SCV  
  49  9:38  SCV  
  50  9:46  SCV  
Show
View Real Time Build Order
Export as new Build Order

柳丁 Zerg 

Build Orders: Hatch First 

Get SALT Encoding   

  12  0:00  Drone  
  13  0:12  Overlord  
  13  0:17  Drone  
  14  0:30  Drone x2  
  16  0:48  Hatchery  
  15  0:51  Drone  
  15  0:54  Drone  
  17  0:57  Drone  
  18  1:09  Extractor  
  17  1:13  Spawning Pool  
  17  1:16  Drone  
  17  1:20  Drone  
  18  1:28  Drone  
  19  1:38  Drone  
  20  1:50  Overlord  
  20  1:59  Queen x2  
  20  2:00  Zergling x4  
  26  2:10  Drone  
  26  2:12  Drone  
  26  2:13  Metabolic Boost  
  28  2:23  Drone x2  
  30  2:33  Hatchery  
  30  2:37  Drone  
  30  2:44  Queen  
  30  2:48  Overlord  
  32  2:51  Drone  
  32  2:53  Drone  
  32  2:56  Drone  
  32  2:57  Drone  
  36  3:11  Drone x2  
  39  3:12  Drone  
  39  3:13  Overlord, Drone  
  40  3:21  Drone x2  
  40  3:23  Queen  
  44  3:34  Overlord  
  44  3:35  Drone  
  44  3:36  Drone  
  46  3:47  Queen  
  46  3:48  Drone x2  
  50  3:54  Drone  
  51  3:56  Roach Warren  
  51  3:57  Drone  
  51  3:58  Drone x2  
  51  4:00  Zergling x4  
  51  4:01  Queen  
  57  4:12  Drone x2  
  57  4:14  Overlord x2  
  60  4:17  Zergling x4  
  60  4:21  Drone  
  62  4:29  Drone  
  63  4:33  Drone x2  
  63  4:34  Drone x4  
  63  4:36  Spore Crawler  
  63  4:37  Spore Crawler  
  67  4:39  Spore Crawler  
  67  4:43  Drone  
  67  4:47  Drone x3  
  67  4:49  Lair  
  67  4:50  Drone x4  
  74  4:53  Extractor x2  
  74  4:54  Drone  
  74  4:56  Drone x4  
  74  4:58  Drone  
  78  5:05  Drone  
  79  5:07  Zergling x2  
  79  5:08  Zergling x2  
  81  5:22  Drone  
  81  5:23  Overlord x5  
  81  5:24  Evolution Chamber x2  
  81  5:26  Extractor x2  
  81  5:27  Drone x4  
  81  5:28  Extractor, Drone  
  82  5:43  Drone  
  82  5:44  Drone x4  
  82  5:48  Glial Reconstitution  
  87  5:54  Zerg Missile Weapons Level 1, Zerg Ground Armor Level 1  
  87  5:55  Hatchery  
  87  5:56  Overseer  
  86  6:00  Overlord x2  
  86  6:07  Roach x7  
  100  6:26  Overlord  
  100  6:27  Overlord x3  
  100  6:28  Roach x8  
  116  6:33  Roach  
  116  6:39  Roach x2  
  122  6:46  Roach x3  
  128  6:59  Roach x6  
  140  7:06  Overlord x4  
  140  7:08  Roach x3  
  146  7:12  Roach x2  
  146  7:15  Roach  
  152  7:21  Roach x2  
  152  7:22  Ravager x7  
  162  7:28  Roach x2  
  167  7:31  Roach x2  
  167  7:35  Roach x2  
  175  7:37  Ravager x3  
  175  7:40  Roach x2  
  175  7:41  Roach  
  184  7:50  Roach x6  
  196  7:51  Roach  
  196  7:52  Zergling x4  
Tags
 
Add a new tag
Caveats
  • Supply blocks, unpowered buildings, or Contaminate may cause inaccurate times.
  • Supply counts are checked every 10 seconds.